 Seeded DCSS version 0.31.0-32-g396128a36d (webtiles) character file.

Game seed: 14488181155274100974 (custom seed)

85195 timneilson the Tortoise (level 15, -5/94 HPs)
             Began as a Gargoyle Fighter on Mar 29, 2024.
             Was an Initiate of Gozag.
             Killed from afar by Azrael (27 damage)
             ... with damnation
             ... on level 13 of the Dungeon on Mar 30, 2024.
             The game lasted 01:09:46 (17066 turns).

timneilson the Tortoise (Gargoyle Fighter)         Turns: 17066, Time: 01:09:47

Health: -5/94      AC: 42    Str: 23    XL:     15   Next: 83%
Magic:  18/18      EV: 11    Int: 11    God:    Gozag
Gold:   4878       SH: 14    Dex: 17    Spells: 14/19 levels left

rFire   + . .        m - +8 autumn katana {manifold assault}
rCold   + . .        c - +1 buckler
rNeg    + . .        S - +3 plate armour {rC+}
rPois   ∞            p - +0 helmet
rElec   +            V - +2 cloak {Stlth+}
rCorr   .            y - +0 pair of gloves of the Watchman {Rampage rF+ Slay+2}
SInv    .            a - +1 pair of boots {rampage}
Will    ++...        o - amulet of reflection Stlth
                     i - +6 ring of dexterity
HPRegen 0.35/turn    F - ring of willpower
MPRegen 0.16/turn

%: reflection, rampage
@: flying
A: sickness immunity, AC +11, big wings, negative energy resistance 1,
electricity resistance, torment resistance 1, petrification resistance
a: Renounce Religion, Potion Petition, Call Merchant, Bribe Branch


You were on level 13 of the Dungeon.
You worshipped Gozag.
Gozag was most pleased with you.
You visited 3 branches of the dungeon, and saw 19 of its levels.
You also visited: Ice Cave.

You collected 6909 gold pieces.
You spent 646 gold pieces at shops.
You paid 1385 gold pieces to Gozag.

Inventory:

Hand Weapons
 m - the +8 autumn katana (weapon) {manifold assault}
   (You found it on level 2 of the Dungeon)
 G - a +3 scimitar of flaming
Missiles
 e - 3 throwing nets
 t - 7 curare-tipped darts
 z - 57 poisoned darts (quivered)
Armour
 a - a +1 pair of boots of rampaging (worn)
 c - a +1 buckler (worn)
 p - a +0 helmet (worn)
 y - the +0 pair of gloves of the Watchman (worn) {Rampage rF+ Slay+2}
   (You bought it in a shop on level 8 of the Dungeon)

   Slay+2:    It affects your accuracy & damage with ranged weapons and melee
   (+2).
   rF+:       It protects you from fire.
   Rampage:   It bestows one free step when moving towards enemies.
 S - a +3 plate armour of cold resistance (worn)
 V - a +2 cloak of stealth (worn)
Jewellery
 b - a ring of ice
 i - a +6 ring of dexterity (left hand)
 o - an amulet of reflection (around neck)
 B - a ring of wizardry
 D - a ring of positive energy
 E - a +6 ring of intelligence
 F - a ring of willpower (right hand)
 I - a ring of ice
 P - a ring of positive energy
 Q - a +6 ring of intelligence
 R - a ring of fire
 T - a ring of protection from fire
 X - a ring of protection from cold
Wands
 u - a wand of polymorph (13)
 v - a wand of charming (21)
 O - a wand of iceblast (12)
Scrolls
 f - 4 scrolls of fear
 l - a scroll of vulnerability
 s - 5 scrolls of enchant armour
 w - 8 scrolls of teleportation
 A - a scroll of enchant weapon
 H - 4 scrolls of amnesia
 K - 4 scrolls of identify
 M - 2 scrolls of immolation
 U - 3 scrolls of poison
Potions
 d - 4 potions of might
 g - 3 potions of haste
 h - a potion of heal wounds
 j - 2 potions of magic
 k - 5 potions of attraction
 n - 3 potions of brilliance
 q - 7 potions of curing
 r - 2 potions of lignification
 x - a potion of mutation
 C - a potion of berserk rage
 L - 4 potions of resistance
 N - 2 potions of cancellation
Miscellaneous
 J - a condenser vane
 W - a phantom mirror
 Y - a phial of floods


   Skills:
 + Level 11.1 Fighting
 * Level 12.3 Long Blades
 * Level 17.0 Armour
 + Level 7.8 Dodging
 * Level 14.6 Shields
 + Level 2.5 Spellcasting
 + Level 2.4 Hexes
 + Level 2.1 Air Magic
 + Level 8.0 Evocations


You had 14 spell levels left.
You knew the following spells:

 Your Spells              Type           Power      Damage    Failure   Level
a - Silence               Hex/Air        3%         N/A       100%        5

Your spell library contained the following spells:

 Spells                   Type           Power      Damage    Failure   Level
 Ensorcelled Hibernation  Hex/Ice        8%         N/A       90%         2
 Mercury Vapours          Alch/Air       6%         N/A       91%         2
 Foxfire                  Conj/Fire      4%         2x1d4     92%         1
 Dazzling Flash           Conj/Hex       8%         N/A       99%         3
 Mephitic Cloud           Conj/Alch/Air  2%         N/A       99%         3
 Fugue of the Fallen      Necr           1%         N/A       100%        3
 Anguish                  Hex/Necr       2%         N/A       100%        4
 Dispel Undead            Necr           1%         3d6       100%        4
 Ignite Poison            Fire/Alch      1%         N/A       100%        4
 Martyr's Knell           Necr/Summ      1%         N/A       100%        4
 Sticky Flame             Fire/Alch      1%         2d4       100%        4
 Vhi's Electric Charge    Tloc/Air       6%         N/A       100%        4
 Arcjolt                  Conj/Air       1%         1d11      100%        5
 Freezing Cloud           Conj/Ice/Air   1%         6-21      100%        5
 Metabolic Englaciation   Hex/Ice        2%         N/A       100%        5
 Death Channel            Necr           0%         N/A       100%        6
 Plasma Beam              Fire/Air       1%         2x1d11    100%        6
 Starburst                Conj/Fire      0%         6d3       100%        6
 Ignition                 Fire           0%         3d3       100%        8
 Cigotuvi's Dreadful Rot  Necr/Alch/Air  Unusable   N/A       N/A         2

Dungeon Overview and Level Annotations

Branches:
Dungeon (13/15)            Temple (1/1) D:5            Lair (5/5) D:8
 Shoals (0/4) Lair:2        Snake (0/4) Lair:3        Slime (0/5) Lair:4
    Orc (0/2) D:11          IceCv (visited)
 Vaults: D:13-14

Altars:
Ashenzari
Cheibriados
Dithmenos
Elyvilon
Fedhas
Gozag
Hepliaklqana
Kikubaaqudgha
Makhleb
Nemelex Xobeh
Okawaru
Qazlal
Ru
Sif Muna
Trog
Uskayaw
Vehumet
Wu Jian
Xom
Yredelemnul
Zin
The Shining One
Jiyva

Shops:
D:1 (   D:8 [*   D:9 (

Annotations:
D:13 Azrael
Lair:5 exclusion: oklob plant


Innate Abilities, Weirdness & Mutations

You are immune to sickness and miasma.
Your stone body is resilient. (AC +11)
You are immune to poison.
Your large and strong wings let you fly.
You resist negative energy. (rN+)
You are resistant to electric shocks. (rElec)
You are resistant to unholy torment.
You are immune to petrification.


Message History

You remove your ring of ice.
F - a ring of willpower (right hand) Azrael is distracted by your dazzling golden aura.
The meliai is no longer distracted by gold.
The meliai mumbles some strange prayers to its god against you.
Something smites you!
* * * LOW HITPOINT WARNING * * *
There is an open door here.
You slash the meliai!
The meliai is severely wounded.
You block the meliai's attack. x2
You barely miss the meliai.
The meliai is severely wounded.
The meliai is distracted by your dazzling golden aura.
You hit the meliai.
The meliai is no longer distracted by gold.
The meliai is severely wounded.
The meliai is distracted by your dazzling golden aura.
You catch the helpless meliai completely off-guard!
You slice the meliai!!
You kill the meliai!
You feel much better. Azrael hits you but does no damage.
There is an open door here.
Things that are here:
4 gold pieces; a +0 war axe; a +0 leather armour You hit Azrael.
Azrael is lightly wounded.
Azrael gestures at you.
The sphere of damnation explodes!
The damnation engulfs you!!
* * * LOW HITPOINT WARNING * * *
The damnation engulfs Azrael.
Azrael completely resists.
You hit Azrael.
Azrael is lightly wounded.
You hit Azrael.
Azrael is lightly wounded.
Azrael gestures at you.
The sphere of damnation explodes!
The damnation engulfs you!!
You die...
Your body crumbles into a pile of gold.

#####
....##################
.......#.............#
....##.'.............#
....####.............#
....## #............)#
.....# #########@#####
##'#+# #$.R# #...#
#.### ##.## **#$#****
###.### *☼...,,,*
#.....# *.....,,*
#.....# ***#......,*
#.....#**,○...$....*
#.....#*,,##.......#


You could see Azrael.

Vanquished Creatures
  A storm dragon (D:12)
  Josephine (D:10)
  Fannar (D:10)
  5 hydras
  2 two-headed ogres
  Erolcha (D:13)
  2 ironbound frosthearts (IceCv)
  3 centaur warriors
  Erica (D:9)
  4 boulder beetles
  A catoblepas (Lair:5)
  A tengu warrior (D:12)
  A vampire mage (Lair:1)
  16 death yaks
  Nergalle (Lair:2)
  Sonja (D:10)
  Amaemon (D:10)
  A skyshark (Lair:2)
  A goliath frog (Lair:5)
  A deep troll (shapeshifter) (D:12)
  Pikel (D:6)
  A lindwurm (Lair:5)
  3 manticores
  2 cyclopes (D:12)
  3 meliai (D:13)
  A guardian serpent (D:12)
  2 gargoyles
  An ice statue (IceCv)
  12 elephants
  23 cane toads
  4 black mambas
  2 unseen horrors (D:11)
  13 komodo dragons
  An orange demon (D:10)
  3 rime drakes
  Jeremiah (D:7)
  2 ice devils (D:13)
  3 trolls (D:11)
  A hornet (Lair:2)
  2 tyrant leeches (Lair:5)
  Grinder (D:5)
  15 polar bears (IceCv)
  28 blink frogs
  5 wraiths
  2 wyverns
  Sigmund (D:6)
  A vampire (D:12)
  A human (Lair:1)
  83 yaks
  A fire elemental (D:13)
  A human (shapeshifter) (D:12)
  A basilisk (Lair:5)
  7 vampire mosquitoes
  3 steam dragons
  Menkaure (D:6)
  3 nagas (Lair:3)
  An acid dragon (D:8)
  4 hell hounds (D:13)
  13 water moccasins
  3 black bears
  An ice beast (D:7)
  4 ogres
  7 orc warriors
  2 laughing skulls (D:13)
  4 centaurs
  26 wolves
  A phantom (D:6)
  4 kobold brigands
  12 bullfrogs
  A brain worm (shapeshifter) (D:13)
  A gnoll sergeant (D:8)
  2 scorpions
  14 wights
  10 killer bees
  A howler monkey (D:12)
  4 electric eels
  A bombardier beetle (D:5)
  4 hounds
  2 orc priests
  7 jellies
  3 gnoll boudas
  Jessica (D:3)
  4 iguanas
  3 orc wizards
  4 sleepcaps
  6 hell rats (Lair:4)
  Robin (D:3)
  8 adders
  15 gnolls
  2 shadow imps (D:6)
  2 white imps
  2 ufetubi (D:5)
  3 dart slugs
  2 ribbon worms
  25 orcs
  2 bats (D:1)
  8 endoplasms
  13 giant cockroaches
  12 goblins
  9 hobgoblins
  5 jackals
  4 quokkas
  5 ball pythons
  3 frilled lizards
  16 kobolds
  4 rats
  A butterfly (Lair:4)
573 creatures vanquished.

Vanquished Creatures (others)
  Nessos (Lair:3)
  A tengu warrior (D:13)
2 creatures vanquished.

Grand Total: 575 creatures vanquished

Notes
Turn   | Place    | Note
-------+----------+-------------------------------------------
     0 | D:1      | timneilson the Gargoyle Fighter began the quest for the
                  | Orb.
     0 | D:1      | Reached XP level 1. HP: 14/14 MP: 1/1
    63 | D:1      | Reached XP level 2. HP: 18/19 MP: 2/2
   113 | D:1      | Found Biz Tero's Weapon Shoppe.
   145 | D:1      | Found a faded altar of an unknown god.
   566 | D:2      | Reached XP level 3. HP: 21/23 MP: 3/3
   659 | D:2      | Found the +8 autumn katana {manifold assault}
   679 | D:2      | Reached XP level 4. HP: 28/28 MP: 4/4
   780 | D:2      | Reached skill level 4 in Armour
  1071 | D:3      | Reached skill level 1 in Dodging
  1071 | D:3      | Reached XP level 5. HP: 33/33 MP: 5/5
  1227 | D:3      | Found a sparkling altar of Nemelex Xobeh.
  1306 | D:3      | Noticed Jessica
  1308 | D:3      | Killed Jessica
  1332 | D:3      | Noticed Robin
  1338 | D:3      | Killed Robin
  1339 | D:3      | Reached XP level 6. HP: 33/38 MP: 6/6
  2028 | D:4      | Noticed a black bear
  2036 | D:4      | Killed a black bear
  2037 | D:4      | Reached skill level 5 in Armour
  2037 | D:4      | Reached skill level 5 in Shields
  2183 | D:4      | Found a snail-covered altar of Cheibriados.
  2247 | D:5      | Entered Level 5 of the Dungeon
  2247 | D:5      | Found a staircase to the Ecumenical Temple.
  2256 | Temple   | Entered the Ecumenical Temple
  2265 | Temple   | Became a worshipper of Gozag Ym Sagoz the Greedy
  2279 | D:5      | Reached XP level 7. HP: 43/43 MP: 7/7
  2472 | D:5      | Reached XP level 8. HP: 30/48 MP: 8/8
  2662 | D:5      | Reached skill level 6 in Armour
  2907 | D:6      | Noticed Sigmund
  2912 | D:6      | Killed Sigmund
  2913 | D:6      | Reached skill level 5 in Fighting
  2913 | D:6      | Reached skill level 1 in Evocations
  2920 | D:6      | Noticed Pikel
  2928 | D:6      | Killed Pikel
  2929 | D:6      | Reached skill level 5 in Long Blades
  2929 | D:6      | Reached XP level 9. HP: 54/54 MP: 9/9
  2941 | D:6      | Noticed Menkaure
  2946 | D:6      | Killed Menkaure
  2960 | D:6      | Reached skill level 7 in Armour
  3275 | D:6      | Noticed Grinder
  3335 | D:5      | Paralysed by Grinder for 3 turns
  3341 | D:5      | Killed Grinder
  3993 | D:7      | Noticed Jeremiah
  4007 | D:7      | Killed Jeremiah
  4313 | D:8      | Found a staircase to the Lair.
  4322 | D:8      | Reached skill level 8 in Armour
  4322 | D:8      | Reached XP level 10. HP: 60/60 MP: 10/10
  4478 | D:8      | Found a radiant altar of Vehumet.
  4504 | D:8      | Found a glowing golden altar of the Shining One.
  4510 | D:8      | Found a burning altar of Makhleb.
  5175 | D:9      | Noticed a two-headed ogre
  5202 | D:9      | Killed a two-headed ogre
  5203 | D:9      | Reached skill level 9 in Armour
  5458 | D:9      | Reached XP level 11. HP: 65/67 MP: 11/11
  5506 | D:9      | Found Ihec Mex's Weapon Shop.
  5578 | D:9      | Noticed Erica
  5589 | D:9      | Killed Erica
  5822 | D:10     | Entered Level 10 of the Dungeon
  5822 | D:10     | Noticed a two-headed ogre
  5832 | D:10     | Killed a two-headed ogre
  5904 | D:10     | Noticed Sonja
  5941 | D:10     | Killed Sonja
  6128 | D:10     | Noticed Amaemon
  6150 | D:10     | Killed Amaemon
  6158 | D:10     | Reached skill level 10 in Shields
  6197 | D:10     | Reached skill level 10 in Armour
  6454 | D:10     | Noticed Fannar
  6489 | D:10     | Killed Fannar
  6490 | D:10     | Reached skill level 5 in Dodging
  6602 | D:10     | Noticed Josephine
  6614 | D:10     | Killed Josephine
  6796 | D:11     | Noticed a centaur warrior
  6809 | D:11     | Killed a centaur warrior
  6920 | D:11     | Noticed a manticore
  6928 | D:11     | Killed a manticore
  6929 | D:11     | Reached XP level 12. HP: 33/73 MP: 12/12
  7015 | Lair:1   | Entered Level 1 of the Lair of Beasts
  7037 | D:8      | Reached skill level 5 in Evocations
  7660 | Lair:1   | Noticed a death yak
  7685 | Lair:1   | Killed a death yak
  7686 | Lair:1   | Reached skill level 11 in Armour
  8192 | Lair:1   | Found a runed translucent door.
  8192 | Lair:1   | Noticed a vampire mage
  8571 | Lair:1   | Identified a scroll of acquirement
  8571 | Lair:1   | Acquired a manual of Armour
  8592 | Lair:1   | Killed a vampire mage
  9111 | Lair:2   | Reached skill level 12 in Armour
  9208 | Lair:2   | Identified the +3 ring mail of Resonance {Int+2 SInv}
  9217 | Lair:2   | Noticed a skyshark
  9218 | Lair:2   | Found a staircase to the Shoals.
  9228 | Lair:2   | Reached XP level 13. HP: 59/80 MP: 13/13
  9344 | Lair:2   | Noticed Nergalle
  9355 | Lair:2   | Killed Nergalle
  9840 | Lair:3   | Reached skill level 10 in Long Blades
 10002 | Lair:3   | Reached skill level 13 in Armour
 10829 | Lair:3   | Noticed Nessos
 10834 | Lair:3   | Killed Nessos
 11034 | Lair:3   | Found a staircase to the Snake Pit.
 11246 | Lair:4   | Reached skill level 14 in Armour
 11451 | Lair:4   | Gained mutation: Your large and strong wings let you fly.
                  | [Gargoyle growth]
 11451 | Lair:4   | Reached XP level 14. HP: 80/87 MP: 14/14
 11624 | Lair:4   | Found a viscous altar of Jiyva.
 11631 | Lair:4   | Found a staircase to the Slime Pits.
 12179 | Lair:5   | Entered Level 5 of the Lair of Beasts
 12257 | Lair:5   | Reached skill level 10 in Fighting
 12436 | Lair:5   | Reached skill level 15 in Armour
 12929 | Lair:5   | Got the Book of Scorching Interference
 13323 | Lair:5   | Found an iron altar of Okawaru.
 13590 | Lair:4   | Reached skill level 16 in Armour
 14223 | D:8      | Bought a pair of distressingly furry gloves for 361 gold
                  | pieces
 14223 | D:8      | Identified the +0 pair of gloves of the Watchman {Rampage
                  | rF+ Slay+2} (You bought it in a shop on level 8 of the
                  | Dungeon)
 14223 | D:8      | Bought an embroidered cloak for 285 gold pieces
 14335 | D:11     | Reached XP level 15. HP: 86/93 MP: 15/15
 14387 | D:11     | Learned a level 5 spell: Silence
 14698 | D:11     | Found a staircase to the Orcish Mines.
 15053 | D:12     | Noticed a storm dragon
 15082 | D:12     | Killed a storm dragon
 15111 | D:12     | Reached skill level 1 in Spellcasting
 15111 | D:12     | Reached skill level 1 in Hexes
 15116 | D:12     | Reached skill level 1 in Air Magic
 16126 | D:13     | Found a frozen archway.
 16153 | IceCv    | Entered an ice cave
 16580 | IceCv    | Reached skill level 17 in Armour
 17026 | D:13     | Noticed Erolcha
 17042 | D:13     | Noticed Azrael
 17046 | D:13     | Killed Erolcha
 17066 | D:13     | Killed from afar by Azrael

Illustrated notes

Levels and vault maps discovered:
D:1:      matt_arrival_diagonals, layout_basic,
          dreamdust_ecumenical_altar_grove, serial_shops,
          nicolae_shop_hallway_plus
D:2:      minmay_roachtagon, layout_rooms, cheibrodos_gnoll_hut
D:3:      layout_basic, nemelex_diamond_rough_becter, minmay_misc_feat_square,
          uniq_jessica, uniq_robin
D:4:      layout_rooms, nicolae_overflow_crystal_walls
D:5:      layout_rooms, minmay_temple_entry_mist, minmay_misc_feat_five
D:6:      layout_rooms, uniq_menkaure, uniq_sigmund, uniq_pikel, uniq_grinder
D:7:      layout_basic, nrook_mini_vaults, uniq_jeremiah
D:8:      layout_rooms, old_standard_altar, jmf_multi_god_temple,
          lair_entry_dummy, minmay_misc_feat_alley, kennysheep_generic_room_16
D:9:      layout_cross, serial_shops, nicolae_shop_stone, uniq_erica
D:10:     layout_roguey, minivault_22, uniq_amaemon, uniq_fannar, uniq_sonja,
          uniq_josephine
D:11:     layout_irregular_city, kennysheep_orc_monster_closet_entryway
D:12:     minmay_outward_triangles, layout_irregular_city,
          nrook_guardian_serpent_ordinary
D:13:     layout_roguey [special_room_orc], portal_ice_cave_demonic_guard,
          nicolae_shop_fire_sale [nicolae_sub_dead_trees], uniq_azrael,
          uniq_erolcha, uniq_frances
Temple:   sentei_temple_godly_chess
Lair:1:   layout_cave_pods, serial_bayou_pond_b, pdpol_lair_cabin_in_the_woods,
          serial_bayou_shore_a
Lair:2:   layout_roguey, minmay_shoals_entry_beasts, uniq_nergalle
Lair:3:   layout_regular_city, nicolae_snake_entry_squirm, grunt_megastairs_4,
          uniq_nessos
Lair:4:   layout_roguey, nicolae_slime_entry_field_trip, grunt_megastairs_2,
          lemuel_fruit_fields
Lair:5:   minmay_lair_end_frog_pond, layout_gridlike, minivault_24,
          lemuel_oklob_altar

Skill      XL: |  1  2  3  4  5  6  7  8  9 10 11 12 13 14 15 |
---------------+----------------------------------------------+-----
Long Blades    | 2 3 4 5 6 7 8 9 10 11 12 | 12.3
Armour         | 4 5 6 8 9 10 12 14 16 17 | 17.0
Shields        | 4 5 6 8 9 10 11 12 14 | 14.6
Dodging        | 1 2 3 4 5 6 7 |  7.8
Fighting       | 4 5 6 7 8 9 10 11 | 11.1
Evocations     | 1 2 3 4 5 6 7 8 |  8.0
Spellcasting   | 2 |  2.5
Hexes          | 2 |  2.4
Air Magic      | 2 |  2.1

Action                     |  1- 3 |  4- 6 |  7- 9 | 10-12 | 13-15 || total
---------------------------+-------+-------+-------+-------+-------++-------
  Melee: Long sword        |   102 |       |       |       |       ||   102
         Katana            |     4 |   106 |   203 |   639 |  1447 ||  2399
         Scimitar          |       |       |       |       |    35 ||    35
  Throw: Dart              |       |       |       |    12 |       ||    12
 Invoke: Call Merchant     |       |       |       |     1 |     1 ||     2
    Use: Scroll            |     2 |     7 |    10 |     6 |     4 ||    29
         Potion            |       |       |       |     1 |     5 ||     6
   Stab: Distracted        |       |       |       |     2 |     5 ||     7
         Petrified         |       |       |       |       |     1 ||     1
 Armour: Chain mail        |   111 |    52 |   113 |   307 |   300 ||   883
         Scale mail        |     2 |       |       |       |       ||     2
         Plate armour      |       |       |       |       |   290 ||   290
  Dodge: Dodged            |    64 |    34 |    40 |   153 |   286 ||   577
  Block: Buckler           |    34 |    45 |    86 |   326 |   556 ||  1047
         Reflection        |       |     2 |     3 |     7 |    15 ||    27
